 Dungeon Crawl Stone Soup version 0.22.1-2-g9c5b331383 (webtiles) character file.

112 Jerry the Skirmisher (level 4, -1/37 HPs)
             Began as a Merfolk Fighter on Nov 26, 2018.
             Was an Initiate of Gozag.
             Slain by an ice beast (13 damage)
             ... on level 3 of the Dungeon.
             The game lasted 00:04:59 (2339 turns).

Jerry the Skirmisher (Merfolk Fighter)              Turns: 2339, Time: 00:05:00

Health: -1/37      AC: 11    Str: 22    XL:     4   Next: 93%
Magic:  4/4        EV: 11    Int:  7    God:    Gozag
Gold:   82         SH:  0    Dex: 13    Spells: 3/3 levels left

rFire    . . .     SeeInvis .   a - +0 long sword
rCold    . . .     Gourm    .   (no shield)
rNeg     . . .     Faith    .   b - +0 scale mail
rPois    .         Spirit   .   o - +0 helmet
rElec    .         Reflect  .   k - +0 cloak
rCorr    .         Harm     .   (no gloves)
MR       .....                  (no boots)
Stlth    ..........             r - amulet of the acrobat
HPRegen  0.12/turn              j - +3 ring of protection
MPRegen  0.09/turn              (no ring)

@: mighty
A: change form in water, swift swim, stealthy swim
a: Potion Petition, Call Merchant, Bribe Branch, Renounce Religion


You were on level 3 of the Dungeon.
You worshipped Gozag.
Gozag was noncommittal.
You were hungry.

You visited 1 branch of the dungeon, and saw 3 of its levels.

You collected 98 gold pieces.
You paid 16 gold pieces to Gozag.

Inventory:

Hand Weapons
 a - a +0 long sword (weapon)
Armour
 b - a +0 scale mail (worn)
 k - a +0 cloak (worn)
 o - a +0 helmet (worn)
Jewellery
 j - a +3 ring of protection (left hand)
 r - an amulet of the acrobat (around neck)
Wands
 q - a wand of disintegration (10)
Scrolls
 c - a scroll of immolation {unknown}
 e - a scroll of fog {unknown}
 h - 3 scrolls of teleportation {unknown}
 i - a scroll of identify
 m - a scroll of noise {unknown}
 n - 2 scrolls of remove curse {unknown}
Potions
 l - a potion of cancellation
 p - a potion of curing
 s - a potion of flight {unknown}
Comestibles
 f - 5 rations


   Skills:
 + Level 3.9 Fighting
 * Level 3.7 Long Blades
 + Level 2.6 Armour
 + Level 2.5 Dodging
   Level 3.0 Shields


You had 3 spell levels left.
You didn't know any spells.
Your spell library was empty.

Dungeon Overview and Level Annotations

Branches:
Dungeon (3/15)

Altars:
Gozag
Trog


Message History

You feel very mighty all of a sudden. The ice beast completely misses you.
You slash the ice beast!
The ice beast is moderately wounded.
The ice beast hits you. The ice beast freezes you!
The ice beast hits you but does no damage.
You hit the ice beast.
The ice beast is heavily wounded.
The ice beast hits you. The ice beast freezes you!
You slash the ice beast!
The ice beast is almost dead.
The ice beast hits you but does no damage.
You closely miss the ice beast.
The ice beast is almost dead.
The ice beast misses you.
You barely miss the ice beast.
The ice beast is almost dead.
The ice beast hits you. The ice beast freezes you!
You die...
Your body crumbles into a pile of gold.

..# ..# ...#
#####...#
####.......##
#..+.........
.#.#.####.##.........
......Y@.....<.......
......###.#.#......#.
#..## #.#.#...#...# #
..#.###.# .#. ###...
... ... .... #....
...# #.... ...#
#.....


You could see an ice beast.

Vanquished Creatures
  Jessica (D:2)
  Robin (D:2)
  2 oozes (D:1)
  A worm (D:2)
  A dart slug (D:1)
  2 leopard geckos
  3 giant cockroaches
  15 goblins
  7 hobgoblins
  3 jackals (D:1)
  A quokka (D:2)
  2 ball pythons
  3 bats
  6 frilled lizards
  5 kobolds
  5 rats
58 creatures vanquished.

Notes
Turn   | Place    | Note
-------+----------+-------------------------------------------
     0 | D:1      | Jerry the Merfolk Fighter began the quest for the Orb.
     0 | D:1      | Reached XP level 1. HP: 18/18 MP: 1/1
    70 | D:1      | Reached XP level 2. HP: 9/24 MP: 2/2
   392 | D:1      | Reached skill level 1 in Dodging
   845 | D:1      | Reached XP level 3. HP: 29/29 MP: 3/3
  1116 | D:2      | Noticed Robin
  1315 | D:2      | Killed Robin
  1315 | D:2      | Reached XP level 4. HP: 18/37 MP: 4/4
  1555 | D:2      | Noticed Jessica
  1559 | D:2      | Killed Jessica
  2017 | D:2      | Found an opulent altar of Gozag.
  2017 | D:2      | Found a bloodstained altar of Trog.
  2025 | D:2      | Became a worshipper of Gozag Ym Sagoz the Greedy
  2329 | D:3      | Noticed an ice beast
  2339 | D:3      | Slain by an ice beast

Skill      XL: |  1  2  3  4 |
---------------+-------------+-----
Dodging        | 1 2 |  2.5
Long Blades    | 3 |  3.7
Fighting       | |  3.9
Armour         | |  2.6
Shields        | |  3.0

Action                   |  1- 3 |  4- 6 || total
-------------------------+-------+-------++-------
Melee: Long sword        |   101 |    64 ||   165
  Use: Scroll            |       |     3 ||     3
       Potion            |       |     1 ||     1
  Eat: Chunk             |     1 |     3 ||     4
Armor: Scale mail        |    51 |    32 ||    83
Dodge: Dodged            |    83 |    35 ||   118
       Rpst.: Long sword |    30 |     7 ||    37
